groovejumper, chaotic female elven Wizard # -.----- |.....| |.....+ |...<.| |f....| -|----- i@e groovejumper the Thaumaturge Experience level: 7 Strength: 13 Dexterity: 16 Constitution: 14 Intelligence: 16 Wisdom: 11 Charisma: 8 Health: 0(47) Energy: 5(68) AC: 8 Gold: 714 Moves: 2522 Your Inventory: Coins $ - 714 gold pieces Weapons a - a blessed +1 quarterstaff (weapon in hands) o - 4 [cursed -1] darts Armor b - an uncursed +0 cloak of magic resistance (being worn) p - a cursed +0 pair of jumping boots (being worn) Scrolls i - an uncursed scroll of teleportation j - an uncursed scroll of create monster u - an uncursed scroll of food detection C - an uncursed scroll of enchant weapon E - an [uncursed] scroll of identify F - an [uncursed] scroll of gold detection G - a [blessed] scroll of identify I - an uncursed scroll of confuse monster J - 2 [uncursed] scrolls of create monster K - an uncursed scroll of fire L - an uncursed scroll of gold detection M - an uncursed scroll of destroy armor N - an uncursed scroll of enchant armor O - an uncursed scroll of magic mapping R - an [uncursed] scroll labeled LOREN IPSUM [of genocide] S - an [uncursed] scroll labeled NR 9 [of light] V - 2 [uncursed] unlabeled scrolls [of blank paper] Spellbooks k - a blessed spellbook of force bolt l - an uncursed spellbook of healing q - an [uncursed] spellbook of extra healing w - an [uncursed] spellbook of extra healing H - a blessed spellbook of detect food Potions f - a blessed potion of invisibility g - an uncursed potion of water h - an uncursed potion of healing t - a cursed potion of restore ability z - 2 potions of unholy water A - an [uncursed] potion of fruit juice T - an [uncursed] puce potion [of hallucination] Rings d - an uncursed +7 ring of gain intelligence e - an uncursed +1 ring of gain strength B - an uncursed ring of stealth Wands c - an uncursed wand of light (0:12) r - an uncursed wand of secret door detection (0:15) U - an [uncursed] iridium wand [of teleportation (0:8)] W - an [uncursed] wand of light [0:12] Tools m - an uncursed bell x - an [uncursed] tin whistle Spells known in the end: Name Level Category Fail Memory a - force bolt 1 attack 0% [||||||||] b - healing 1 healing 0% [||||||||] c - extra healing 3 healing 91% [||||||||] d - detect food 2 divination 57% [||||||||] Your skills at the end: Fighting Skills Weapon Skills quarterstaff [Basic / Expert] Spellcasting Skills attack spells [Basic / Expert] enchantment spells [Basic / Skilled] Final Attributes: You were piously aligned. Hunger level was 235. Your alignment was 22 / 22. Monster difficulty range was 1 - 7. Level difficulty was 7. You were immune to sleep. You were magic-protected. You saw invisible. You had infravision. You could jump. Your luck was zero. You are dead. Vanquished creatures: a giant beetle 2 orc shamans a rock piercer 4 enormous rats a shrieker a violet fungus a gnome lord a gray ooze a paper golem 2 giant ants a floating eye a dwarf a homunculus 2 kobold lords a wererat an acid blob a coyote a hobbit a large kobold 2 giant rats a brown mold 2 red molds 7 Keystone Kops 5 geckos 2 jackals 2 foxes 2 kobolds 2 sewer rats 2 grid bugs 5 lichens a kobold zombie 3 newts 61 creatures vanquished. Voluntary challenges: You were an atheist. You used a wielded weapon 35 times. You read items or engraved 6 times. You put on armor 2 times. You never genocided any monsters. You never polymorphed an object. You never changed form. You used no wishes. You never wrote Elbereth's name. You never encountered a bones level. You never used any Sokoban shortcuts. Dungeon overview: The Dungeons of Doom: levels 1 to 7 Level 1 a fountain a long staircase Level 2 a weapon shop Level 4 a fountain, a sink a long staircase Level 5 a scroll shop Level 7 <- You were here History has recorded: On T:1 you entered the Dungeons of Doom to retrieve the Amulet of Yendor! On T:358 you advanced to experience level 2. On T:454 you reached level 2 of The Dungeons of Doom. On T:667 you advanced to experience level 3. On T:846 you reached level 3 of The Dungeons of Doom. On T:980 you advanced to experience level 4. On T:1190 you reached level 4 of The Dungeons of Doom. On T:1659 you reached level 5 of The Dungeons of Doom. On T:1661 you advanced to experience level 5. On T:1998 you reached level 6 of The Dungeons of Doom. On T:2139 you advanced to experience level 6. On T:2463 you reached level 7 of The Dungeons of Doom. On T:2464 you advanced to experience level 7. Latest messages: [HP-4=42] The tengu bites! (3x) [HP-11=31] The tengu bites! You hear some noises. [HP-4=27] The tengu bites! [HP-7=20] The tengu bites! The dwarf wields a dagger! The dagger welds itself to the dwarf's hand! [HP-4=16] The tengu bites! The dwarf is killed! [HP-5=11] The tengu bites! Taro eats a dwarf corpse. [HP-6=5] The tengu bites! [HP-4=1] The tengu bites! You die... Final status: Goodbye groovejumper the Wizard... You died in The Dungeons of Doom on dungeon level 7 with 3109 points, and 714 pieces of gold, after 2522 moves. You were level 7 with a maximum of 47 hit points when you died.